 Dungeon Crawl Stone Soup version 0.28-a0-1447-ga5a8893891 (webtiles) character file.

Game seed: 13349272528702900025

1027 knot the Chopper (level 8, 52/58 HPs)
             Began as a Demonspawn Berserker on Jan 12, 2022.
             Was an Elder of Trog.
             Quit the game on level 5 of the Dungeon.
             The game lasted 00:09:29 (4801 turns).

knot the Chopper (Demonspawn Berserker)             Turns: 4801, Time: 00:09:29

Health: 52/58      AC:  7    Str: 17    XL:     8   Next: 3%
Magic:  8/8        EV: 11    Int: 11    God:    Trog [****..]
Gold:   110        SH:  0    Dex: 13    Spells: 7/7 levels left

rFire   . . .      SeeInvis +   p - +0 war axe
rCold   . . .      Faith    .   (no shield)
rNeg    . . .      Spirit   .   j - +0 ring mail
rPois   .          Reflect  .   (no helmet)
rElec   .          Harm     .   (no cloak)
rCorr   .          Rampage  .   (gloves unavailable)
Will    .....                   (no boots)
Stlth   +.........              v - amulet of regeneration
HPRegen 0.99/turn               f - +4 ring of slaying
MPRegen 0.11/turn               y - ring of see invisible

@: no status effects
A: icy blue scales 1, demonic guardian 1, demonic touch 3
a: Renounce Religion, Berserk, Trog's Hand, Brothers in Arms


You were on level 5 of the Dungeon.
You worshipped Trog.
Trog was greatly pleased with you.
You visited 1 branch of the dungeon, and saw 5 of its levels.
You also visited: Sewer.

You collected 110 gold pieces.

Inventory:

Hand Weapons
 p - a +0 war axe (weapon)
Missiles
 a - a curare-tipped dart
 d - 43 poisoned darts (quivered)
 g - 106 stones
 k - 19 sling bullets
Armour
 j - a +0 ring mail (worn)
Jewellery
 f - a +4 ring of slaying (left hand)
 m - a +6 ring of intelligence
 u - a ring of poison resistance
 v - an amulet of regeneration (around neck)
 y - a ring of see invisible (right hand)
Scrolls
 c - a scroll of magic mapping
 n - a scroll of torment
 q - a scroll of vulnerability
 t - a scroll of identify
 w - a scroll of silence
Potions
 b - a potion of mutation {unknown}
 e - a potion of might {unknown}
 h - 3 potions of flight
 i - a potion of brilliance {unknown}
 l - a potion of experience {unknown}
 o - a potion of curing
 r - a potion of magic {unknown}
 s - 2 potions of degeneration {unknown}
 x - 2 potions of haste {unknown}
 z - a potion of heal wounds


   Skills:
 - Level 3.0 Fighting
 * Level 6.9 Axes
 * Level 5.4 Throwing
 - Level 1.7 Armour
 - Level 1.7 Dodging


You had 7 spell levels left.
You didn't know any spells.
Your spell library contained the following spells:

 Spells                   Type           Power      Damage    Failure   Level
 Conjure Flame            Conj/Fire      0%         6-21      88%         3
 Ignite Poison            Fire/Tmut/Pois 0%         N/A       88%         3
 Sticky Flame             Conj/Fire      0%         2d3       99%         4


Dungeon Overview and Level Annotations

Branches:
Dungeon (5/15)             Temple (0/1) D:5           Sewer (visited)

Altars:
Gozag
Nemelex Xobeh

Shops:
D:3 (

Annotations:
D:5 1 runed translucent door, lunkers's ghost, weakling SpDe


Innate Abilities, Weirdness & Mutations

You are partially covered in icy blue scales. (AC +2)
A weak demonic guardian rushes to your aid.
Your touch may irresistibly damage your foes and sap their willpower.


Message History

Things that are here:
a +0 club; an orc corpse You now have 110 gold pieces (gained 15).
Found an escape hatch in the floor.
t - a scroll of identify
u - a ring of poison resistance
Found an escape hatch in the ceiling.
As you open the door, it creaks loudly!
There is an open door here.
You open the door.
There is an open door here.
Found a stone staircase leading down.
A worm comes into view.
A worm is nearby!
Found a spear.
A scorpion comes into view.
Found a ring mail.
Found a stone staircase leading up.
The worm bites you but does no damage.
You slash the worm! You punch the worm!
The worm is almost dead.
You barely miss the worm.
The worm is almost dead.
The worm bites you but does no damage. The scorpion stings you.
You slash the worm!
You kill the worm!
Trog accepts your kill.
You slash the scorpion! The scorpion stings you!
You hit the scorpion.
The scorpion is severely wounded.
The scorpion completely misses you.
You closely miss the scorpion.
The scorpion is severely wounded.
The scorpion barely misses you. The scorpion stings you.
You hit the scorpion.
You touch the scorpion.
You kill the scorpion!
Trog accepts your kill.
You have reached level 8!
You feel clever.
Your demonic ancestry asserts itself...
You feel the presence of a demonic guardian.
Are you sure you want to abandon this character and quit the game? (Confirm with "yes".)

*********************
*,,,,,,..........,,,*
*,******...<.[..#**,* *,*
*........# *,* *******,*
*,.).....# *,* *,,,,,,,*
*,.......***,*******
**,##****#######>...,,,,,,,,,,,,,
*,#<,,,,......††.#******,*******
**,#.###########@#* *,* ***
*,,#..........##.# *,* *,,
**,#.............#######*,*****,,
#,#......[...#.........,,,,,,,,,
#.#.....##...#..#######*******,,
#.......§§...#..########### *,,
#.≈≈≈≈.≈§§§..#..##........# *,,
#.≈.....§.≈..#..##........# *,,
##.≈.#####.≈..#..##........# *,,


There were no monsters in sight!

Vanquished Creatures
  Grinder (D:3)
  A necrophage (D:5)
  2 kobold brigands (Sewer)
  A scorpion (D:5)
  An orc priest (D:3)
  A hound (D:4)
  Jessica (D:3)
  2 iguanas (D:4)
  4 orc wizards
  4 gnolls (D:2)
  5 adders
  3 river rats (Sewer)
  An adder skeleton (D:4)
  4 worms
  3 dart slugs
  13 orcs
  13 ball pythons
  7 endoplasms
  8 giant cockroaches
  7 goblins
  9 hobgoblins
  2 jackals (D:2)
  7 kobolds
  12 quokkas
  7 bats
  9 frilled lizards
  7 rats
135 creatures vanquished.

Vanquished Creatures (collateral kills)
  A centaur zombie (D:5)
1 creature vanquished.

Vanquished Creatures (others)
  A kobold (Sewer)
  6 plants (D:5)
7 creatures vanquished.

Grand Total: 143 creatures vanquished

Notes
Turn   | Place    | Note
-------+----------+-------------------------------------------
     0 | D:1      | knot the Demonspawn Berserker began the quest for the Orb.
     0 | D:1      | Reached XP level 1. HP: 18/18 MP: 1/1
    40 | D:1      | Reached skill level 3 in Axes
    88 | D:1      | Gained mutation: Your touch may inflict minor irresistible
                  | damage on your foes. [demonic ancestry]
    88 | D:1      | Reached XP level 2. HP: 21/24 MP: 2/2
   661 | D:1      | Found a faded altar of an unknown god.
   666 | D:1      | Reached XP level 3. HP: 29/29 MP: 3/3
   818 | D:1      | Reached ** piety under Trog
   819 | D:1      | Reached skill level 4 in Axes
  1329 | D:2      | Reached skill level 1 in Throwing
  1371 | D:2      | Gained mutation: You are partially covered in icy blue
                  | scales. (AC +2) [demonic ancestry]
  1371 | D:2      | Reached XP level 4. HP: 35/35 MP: 4/4
  2339 | D:3      | Noticed Jessica
  2339 | D:3      | Found Zothru's Weapon Emporium.
  2346 | D:3      | Killed Jessica
  2347 | D:3      | Gained mutation: Your touch may inflict irresistible damage
                  | on your foes. [demonic ancestry]
  2347 | D:3      | Reached XP level 5. HP: 41/41 MP: 5/5
  2361 | D:3      | Reached skill level 5 in Axes
  2507 | D:3      | Reached *** piety under Trog
  2752 | D:3      | Noticed Grinder
  2766 | D:3      | Killed Grinder
  2767 | D:3      | Reached XP level 6. HP: 39/47 MP: 6/6
  3310 | D:4      | Gained mutation: Your touch may irresistibly damage your
                  | foes and sap their willpower. [demonic ancestry]
  3310 | D:4      | Reached XP level 7. HP: 49/52 MP: 7/7
  3434 | D:4      | Reached skill level 6 in Axes
  3589 | D:4      | Found an opulent altar of Gozag.
  4313 | D:5      | Entered Level 5 of the Dungeon
  4340 | D:5      | Found a runed translucent door.
  4343 | D:5      | Noticed lunkers's ghost (weakling SpDe)
  4388 | D:5      | Reached **** piety under Trog
  4417 | D:5      | Found a glowing drain.
  4438 | Sewer    | Entered a sewer
  4513 | Sewer    | Reached skill level 5 in Throwing
  4606 | D:5      | Found a sparkling altar of Nemelex Xobeh.
  4801 | D:5      | Gained mutation: A weak demonic guardian rushes to your
                  | aid. [demonic ancestry]
  4801 | D:5      | Reached XP level 8. HP: 52/58 MP: 8/8
  4801 | D:5      | Quit the game

Illustrated notes

Levels and vault maps discovered:
D:1:      wander_arrival_peaceful_grave, layout_loops_ring,
          shapermc_ecumenical_altar_totnotflames, minmay_close_crescents
D:2:      minmay_recursive_quarters, layout_basic, serial_curves,
          eino_curves_01, eino_curves_03
D:3:      layout_loops_ring, serial_shops, nicolae_shop_bloodbath_and_beyond,
          hangedman_decor_lopped, uniq_grinder, uniq_jessica
D:4:      layout_basic, overflow_temple_1_default
D:5:      layout_basic, mainiacjoe_overflow_brackets,
          minmay_temple_entry_gardened_gates, gup_sewer_entry_pipe,
          ebering_ghost_reflecting_pool

Skill      XL: |  1  2  3  4  5  6  7 |
---------------+----------------------+-----
Axes           | 3 4 5 6 |  6.9
Throwing       | 1 2 3 4 5 |  5.4
Fighting       | |  3.0
Armour         | |  1.7
Dodging        | |  1.7

Action                   |  1- 3 |  4- 6 |  7- 9 || total
-------------------------+-------+-------+-------++-------
Melee: Hand axe          |    67 |    45 |       ||   112
       Touch             |     9 |    12 |    12 ||    33
       War axe           |       |    49 |    89 ||   138
       Punch             |       |       |     1 ||     1
Throw: Dart              |     9 |    44 |    22 ||    75
Invok: Berserk           |     1 |     3 |     1 ||     5
       Trog's Hand       |       |     1 |       ||     1
Evoke: Wand              |       |       |     1 ||     1
  Use: Scroll            |       |       |     7 ||     7
Armor: Animal skin       |     9 |       |       ||     9
       Ring mail         |     4 |    29 |    35 ||    68
       Skin              |       |     5 |       ||     5
Dodge: Dodged            |    36 |    45 |    54 ||   135

Table legend: (Time is in decaauts)
 A = Elapsed time spent in this place.
 B = Non-inter-level travel time spent in this place.
 C = Inter-level travel time spent in this place.
 D = Time resting spent in this place.
 E = Time spent auto-exploring this place.
 F = Levels seen in this place.
 G = Mean time per level.
                   A        B        C        D        E       F      G
               +--------+--------+--------+--------+--------+-----+--------+
         Total |   4906 |   4653 |    253 |    814 |   2988 |   6 |  817.7 |
       Dungeon |   4712 |   4459 |    253 |    778 |   2874 |   5 |  942.4 |
         Sewer |    193 |    193 |      0 |     36 |    114 |   1 |  193.0 |
               +--------+--------+--------+--------+--------+-----+--------+

Top non-repeatable levels by time:
     D:2: 1296 daAuts
     D:1: 1079 daAuts
     D:4: 1029 daAuts
     D:3: 974 daAuts
     D:5: 333 daAuts
   Sewer: 193 daAuts
